 Dungeon Crawl Stone Soup version 0.29-a0-1008-g949cc1d0fb (webtiles) character file.

Game seed: 16268375450471596550

36 EnegeticOcto the Trooper (level 3, 0/37 HPs)
             Began as a Troll Chaos Knight on Aug 7, 2022.
             Succumbed to Robin's poison
             ... on level 2 of the Dungeon.
             The game lasted 00:06:14 (1014 turns).

EnegeticOcto the Trooper (Troll Chaos Knight)       Turns: 1014, Time: 00:06:14

Health: 0/37       AC:  6    Str: 20    XL:     3   Next: 19%
Magic:  2/2        EV:  9    Int: 10    God:
Gold:   92         SH:  0    Dex:  9    Spells: 2/2 levels left

rFire   . . .      SeeInvis .     - Unarmed
rCold   . . .      Faith    .   (no shield)
rNeg    . . .      Spirit   .   a - +2 robe
rPois   .          Reflect  .   (helmet restricted)
rElec   .          Harm     .   (no cloak)
rCorr   .          Rampage  .   (gloves unavailable)
Will    .....                   (boots unavailable)
Stlth   +.........              (no amulet)
HPRegen 0.92/turn               (no ring)
MPRegen 0.08/turn               (no ring)

@: lethally poisoned (0 -> -6), flying
A: large, unfitting armour, claws 3, regeneration 1, shaggy fur 1, tough skin 1
a: no special abilities


You were on level 2 of the Dungeon.
You visited 1 branch of the dungeon, and saw 2 of its levels.

You collected 92 gold pieces.

Inventory:

Missiles
 d - 2 poisoned darts (quivered)
Armour
 a - a +2 robe (worn)
Magical Staves
 e - a staff of fire
   (You found it on level 1 of the Dungeon)
Scrolls
 c - a scroll of teleportation {unknown}
 k - 2 scrolls of fear {unknown}
Potions
 f - a potion of flight
 g - a potion of attraction {unknown}
 h - a potion of lignification {unknown}
 i - a potion of ambrosia {unknown}
 j - a potion of cancellation {unknown}
Miscellaneous
 b - a piece from Xom's chessboard (15/15)


   Skills:
 + Level 3.6 Fighting
 - Level 1.9 Dodging
 - Level 3.0 Unarmed Combat


You had 2 spell levels left.
You didn't know any spells.
Your spell library was empty.

Dungeon Overview and Level Annotations

Branches:
Dungeon (2/15) Zot: 10987

Altars:

Annotations:
D:1 2 transporters
D:2 Natasha, Robin


Innate Abilities, Weirdness & Mutations

You are too large for most types of armour.
You have claws for hands.
Your natural rate of healing is unusually fast.
You are covered in fur. (AC +1)
You have tough skin. (AC +1)


Message History

You open the door.
There is an open door here.
You open the door.
A frilled lizard comes into view.
There is an open door here.
A frilled lizard is nearby!
The frilled lizard hisses angrily.
Found 12 gold pieces.
You barely miss the frilled lizard. The frilled lizard bites you.
You closely miss the frilled lizard.
The frilled lizard bites you but does no damage.
You barely miss the frilled lizard. The frilled lizard barely misses you.
You barely miss the frilled lizard. The frilled lizard closely misses you.
You closely miss the frilled lizard. Your claw misses the frilled lizard.
The frilled lizard closely misses you.
You closely miss the frilled lizard. The frilled lizard bites you.
You barely miss the frilled lizard. The frilled lizard bites you.
You claw the frilled lizard!
You kill the frilled lizard!
You now have 92 gold pieces (gained 12).
There is an open door here.
There is an open door here.
There is an open door here.
You enter the shallow water.
Moving in this stuff is going to be slow.
Partly explored, unvisited transporter.
Partly explored, unvisited transporter.
Search for what [? for help]? .
(D) Dungeon
Where to? (? - help)
There is a stone staircase leading down here.
You climb downwards.
The hobgoblin shouts!
The goblin shouts! x2; Robin shouts!
You hear a shout! x3
The goblin shouts!
There is a stone staircase leading up here.
There are monsters nearby!
The goblin shouts!
You hear an angry hiss.
A hobgoblin comes into view.
You closely miss the goblin. The goblin barely misses you.
You claw the goblin!
You kill the goblin!
A goblin comes into view. It is wielding a +0 club.
You miss the goblin.
A worm comes into view.
Robin roars a battlecry!
The goblins go into a battle-frenzy!
The goblin barely misses you.
You barely miss the goblin.
Natasha, Servant of Life and Death comes into view.
The goblin closely misses you.
You claw the goblin!
You kill the goblin!
Natasha mumbles some strange words.
A rat and a goblin come into view.
Found an escape hatch in the ceiling.
Found a stone staircase leading up.
The white imp shouts!
The goblin closely misses you. Robin barely misses you.
A goblin comes into view. It is wielding a +0 club.
Things that are here:
a +0 club; a +0 club; a goblin corpse You scratch Robin.
Robin is lightly wounded.
The goblin hits you but does no damage. Robin throws the goblin at you!
The goblin hits you with a +0 club.
You barely miss Robin.
Robin is lightly wounded.
The white imp picks up a beetle and eats it.
The goblin hits you but does no damage. x2; Robin hits you but does no damage.
You scratch Robin but do no damage.
Robin is lightly wounded.
The goblin hits you with a +0 club. The goblin hits you with a +0 dagger.
Robin hits you with a +1 dagger of venom.
You are poisoned.
Natasha casts a spell.
You closely miss the goblin.
You feel very sick. The goblin hits you but does no damage.
The goblin barely misses you. Robin hits you but does no damage.
You are more poisoned.
Natasha wildly gestures.
Natasha shimmers violently.
You barely miss the goblin.
You feel very sick. The goblin closely misses you.
Robin zaps a wand.
The bolt of light hits you!
You are confused.
* * * LOW HITPOINT WARNING * * *
The goblin barely misses you.
You scratch the goblin.
The goblin is severely wounded.
* * * LOW HITPOINT WARNING * * *
You feel very sick. The goblin hits you with a +0 club.
* * * LOW HITPOINT WARNING * * *
The goblin hits you with a +0 dagger.
* * * LOW HITPOINT WARNING * * *
It was a potion of flight.
You feel very buoyant.
You fly up into the air.
You feel less confused.
You die...

##########
#g@gggh...
###ggw5...
g♣5..♣. g.
.... ...
... <...
.< ...♣. .
......


You could see a worm, Robin, Natasha, 2 white imps, 2 hobgoblins and 5 goblins.

Vanquished Creatures
  3 bats (D:1)
  2 endoplasms (D:1)
  2 giant cockroaches (D:1)
  5 hobgoblins (D:1)
  8 jackals (D:1)
  2 kobolds (D:1)
  A quokka (D:1)
  A ball python (D:1)
  A frilled lizard (D:1)
  3 goblins
  2 rats (D:1)
30 creatures vanquished.

Notes
Turn   | Place    | Note
-------+----------+-------------------------------------------
     0 | D:1      | EnegeticOcto the Troll Chaos Knight began the quest for the
                  | Orb.
     0 | D:1      | Reached XP level 1. HP: 22/22 MP: 0/0
     0 | D:1      | Fell from the grace of Xom
   193 | D:1      | XOM: torment (12/22 hp)
   583 | D:1      | Reached XP level 2. HP: 29/29 MP: 1/1
   589 | D:1      | Reached skill level 3 in Fighting
   758 | D:1      | Reached XP level 3. HP: 37/37 MP: 2/2
  1000 | D:2      | Noticed Robin
  1005 | D:2      | Noticed Natasha
  1014 | D:2      | Succumbed to Robin's poison

Illustrated notes

Levels and vault maps discovered:
D:1:      spicycebolla_arrival_transporter_tutorial, layout_basic,
          grunt_decor_fettered, kennysheep_pointless_box
D:2:      layout_basic, chequers_ecumenical_altar_lobes, serial_shops,
          nicolae_shop_bloodbath_and_beyond, grunt_ministairs_10, uniq_robin,
          uniq_sigmund, uniq_natasha

Skill      XL: |  1  2 |
---------------+-------+-----
Fighting       | 3 |  3.6
Dodging        | |  1.9
Unarmed Combat | |  3.0

Action                   || total
-------------------------++-------
Melee: Unarmed           ||    77
Throw: Dart              ||     1
Invok: Renounce Religion ||     1
  Use: Potion            ||     1
Armor: Robe              ||    27
Dodge: Dodged            ||    33

Table legend: (Time is in decaauts)
 A = Elapsed time spent in this place.
 B = Non-inter-level travel time spent in this place.
 C = Inter-level travel time spent in this place.
 D = Time resting spent in this place.
 E = Time spent auto-exploring this place.
 F = Levels seen in this place.
 G = Mean time per level.
                   A        B        C        D        E       F      G
               +--------+--------+--------+--------+--------+-----+--------+
         Total |   1012 |    995 |     17 |    328 |    450 |   2 |  506.0 |
       Dungeon |   1012 |    995 |     17 |    328 |    450 |   2 |  506.0 |
               +--------+--------+--------+--------+--------+-----+--------+

Top non-repeatable levels by time:
     D:1: 999 daAuts
     D:2: 13 daAuts
